 Dungeon Crawl Stone Soup version 0.26.1-11-gd32895ea62 (webtiles) character file.

Game seed: 14692624746891211123

13 phalm the Conjurer (level 2, -1/21 HPs)
             Began as a Demonspawn Conjurer on June 24, 2021.
             Slain by an adder (2 damage)
             ... on level 2 of the Dungeon.
             The game lasted 00:01:03 (979 turns).

phalm the Conjurer (Demonspawn Conjurer)             Turns: 979, Time: 00:01:04

Health: -1/21      AC:  2    Str:  7    XL:     2   Next: 24%
Magic:  0/5        EV: 12    Int: 19    God:
Gold:   57         SH:  0    Dex: 11    Spells: 4/5 levels left

rFire    . . .     SeeInvis .   (no weapon)
rCold    . . .     Faith    .   (no shield)
rNeg     . . .     Spirit   .   a - +0 robe
rPois    .         Reflect  .   (helmet restricted)
rElec    .         Harm     .   (no cloak)
rCorr    .         Rampage  .   (no gloves)
Will     .....                  (no boots)
Stlth    ++........             (no amulet)
HPRegen  0.07/turn              (no ring)
MPRegen  0.09/turn              (no ring)

@: lethally poisoned (-1 -> -5)
A: antennae 1
a: no special abilities


You were on level 2 of the Dungeon.
You visited 1 branch of the dungeon, and saw 2 of its levels.

You collected 57 gold pieces.


Innate Abilities, Weirdness & Mutations

You have a pair of small antennae on your head.


   Skills:
 + Level 1.0 Fighting
 - Level 1.7 Dodging
 - Level 1.7 Stealth
 + Level 2.3 Spellcasting
 + Level 4.1 Conjurations


You had 4 spell levels left.
You knew the following spells:

 Your Spells              Type           Power        Failure   Level
m - Magic Dart            Conj           72%          3%          1

Your spell library contained the following spells:

 Spells                   Type           Power        Failure   Level
 Searing Ray              Conj           36%          4%          2
 Dazzling Flash           Conj/Hex       20%          22%         3
 Fulminant Prism          Conj/Hex       5%           56%         4
 Iskenderun's Mystic Bla  Conj/Tloc      10%          56%         4

Inventory:

Missiles
 e - a boomerang
 g - 17 stones
Armour
 a - a +0 robe (worn)
Scrolls
 c - 2 scrolls of enchant armour {unknown}
 d - a scroll of remove curse {unknown}
 f - a scroll of identify {unknown}
Potions
 b - 3 potions of curing {unknown}

Dungeon Overview and Level Annotations

Branches:
Dungeon (1/15)

Altars:

.# ..
##[#
...#
#..#
#.?#
#.###.S#
#....@.#
#.###.##
..# ##.#
#.# #.#
#.# #..


You could see an adder.


Message History

f - a scroll labelled ANWIPI FOBIP 😎 MP[+1]
Your mp is fully restored (5).
g - 17 stones You fall into a shaft and drop 1 floor!
The shaft crumbles and collapses.
An adder comes into view.
The adder hisses angrily.
Casting: Magic Dart (safe; 3% risk of failure)
Confirm with . or Enter, or press ? or * to list all spells.
Aiming: Magic Dart (safe; 3% risk of failure)
Press: ? - help, Shift-Dir - straight line, f - adder
Aim: an adder (0% to evade)
The magic dart hits the adder but does no damage.
The adder closely misses you. 😎 MP[-1]
You lost 1 mp, and now have 4/5 mp.
Casting: Magic Dart (safe; 3% risk of failure)
Confirm with . or Enter, or press ? or * to list all spells.
Aiming: Magic Dart (safe; 3% risk of failure)
Press: ? - help, Shift-Dir - straight line, f/p - adder
Aim: an adder (0% to evade)
The magic dart hits the adder.
The adder bites you. 😕 HP[-2] MP[-1]
You take 2 damage, and now have 19/21 hp.
You lost 1 mp, and now have 3/5 mp.
Casting: Magic Dart (safe; 3% risk of failure)
Confirm with . or Enter, or press ? or * to list all spells.
Aiming: Magic Dart (safe; 3% risk of failure)
Press: ? - help, Shift-Dir - straight line, f/p - adder
Aim: an adder (moderately wounded, 0% to evade)
The magic dart hits the adder.
The adder closely misses you. 😕 MP[-1]
You lost 1 mp, and now have 2/5 mp.
Casting: Magic Dart (safe; 3% risk of failure)
Confirm with . or Enter, or press ? or * to list all spells.
Aiming: Magic Dart (safe; 3% risk of failure)
Press: ? - help, Shift-Dir - straight line, f/p - adder
Aim: an adder (heavily wounded, 0% to evade)
The magic dart hits the adder.
The adder barely misses you. The adder bites you. 😕 HP[-3] MP[-1]
You take 3 damage, and now have 16/21 hp.
You lost 1 mp, and now have 1/5 mp.
Casting: Magic Dart (safe; 3% risk of failure)
Confirm with . or Enter, or press ? or * to list all spells.
Aiming: Magic Dart (safe; 3% risk of failure)
Press: ? - help, Shift-Dir - straight line, f/p - adder
Aim: an adder (severely wounded, 0% to evade)
You miscast Magic Dart.
You are very lightly contaminated with residual magic.
Nothing appears to happen.
The adder closely misses you. 😕 MP[-1]
You lost 1 mp, and now have 0/5 mp.
You hit the adder. The adder bites you. 😮 HP[-1]
You take 1 damage, and now have 15/21 hp.
You closely miss the adder. The adder closely misses you.
The adder barely misses you.
You closely miss the adder. The adder closely misses you. 😕 HP[+1]
You closely miss the adder. The adder closely misses you.
You closely miss the adder. The adder closely misses you.
The adder bites you. 😮 HP[-2]
You take 2 damage, and now have 14/21 hp.
You hit the adder but do no damage. The adder bites you.
* * * LOW HITPOINT WARNING * * *
You are poisoned.
The adder poisons you!
Your magical contamination has completely faded away. 😨 HP[-4]
You take 4 damage, and now have 10/21 hp.
Throw: 2 boomerangs
Press: ? - help, Shift-Dir - straight line, f/p - adder
Aim: an adder (severely wounded, 32% to hit)
You throw a boomerang. The boomerang barely misses the adder.
You feel sick. The adder bites you.
* * * LOW HITPOINT WARNING * * *
The adder closely misses you. 😱 HP[-6] MP[+1]
You take 6 damage, and now have 4/21 hp.
MASSIVE DAMAGE!! (PAUSE)
You aren't carrying any items that you can evoke.
Throw: boomerang
Press: ? - help, Shift-Dir - straight line, f/p - adder
Aim: an adder (severely wounded, 32% to hit)
You throw a boomerang. The boomerang closely misses the adder.
* * * LOW HITPOINT WARNING * * *
You feel sick. The adder misses you. 😱 HP[-1]
You take 1 damage, and now have 3/21 hp.
Casting: Magic Dart (safe; 3% risk of failure)
Confirm with . or Enter, or press ? or * to list all spells.
Aiming: Magic Dart (safe; 3% risk of failure)
Press: ? - help, Shift-Dir - straight line, f/p - adder
Aim: an adder (severely wounded, 0% to evade)
The magic dart hits the adder.
The adder bites you.
* * * LOW HITPOINT WARNING * * *
The adder bites you.
You die...

Skill      XL: |  1  2 |
---------------+-------+-----
Fighting       | 1 |  1.0
Dodging        | |  1.7
Stealth        | |  1.7
Spellcasting   | |  2.3
Conjurations   | |  4.1

Action                   || total
-------------------------++-------
Melee: Unarmed           ||    11
Throw: Boomerang         ||     2
 Cast: Magic Dart        ||    26
Armor: Robe              ||     1
Dodge: Dodged            ||    18

Levels and vault maps discovered:
D:1:      ncdulo_watergridlock, layout_loops_corners, serial_aquarium,
          aquarium_bridge_island_small [aquarium_subvault_small_water,
          aquarium_subvault_wall, aquarium_subvault_wall,
          aquarium_subvault_bridge, aquarium_subvault_wall],
          aquarium_window_fake, aquarium_window_fake, aquarium_view_2f,
          aquarium_view_2d
D:2:      layout_loops_ring, minmay_tiny_reverse_x, uniq_terence,
          uniq_crazy_yiuf_cottage

Notes
Turn   | Place    | Note
-------+----------+-------------------------------------------
     0 | D:1      | phalm the Demonspawn Conjurer began the quest for the Orb.
     0 | D:1      | Reached XP level 1. HP: 13/13 MP: 3/3
     0 | D:1      | magus.rc [v1.9.10]
   537 | D:1      | Gained mutation: You have a pair of small antennae on your
                  | head. [demonic ancestry]
   537 | D:1      | Reached XP level 2. HP: 20/20 MP: 0/5
   830 | D:1      | Reached skill level 1 in Fighting
   965 | D:1      | You fall into a shaft and drop 1 floor!
   977 | D:2      | HP: 4/21 [adder (5)]
   979 | D:2      | HP: 1/21 [adder (2)]
   979 | D:2      | Slain by an adder

Vanquished Creatures
  2 dart slugs (D:1)
  A giant cockroach (D:1)
  A hobgoblin (D:1)
  4 frilled lizards (D:1)
  A kobold (D:1)
  2 rats (D:1)
11 creatures vanquished.

Table legend:
 A = Non-vault XP
 B = Vault XP
 C = Vault XP percentage of total XP
 D = Non-vault monster count
 E = Vault monster count
 F = Vault count percentage of total count
                 A         B        C        D         E       F
            +---------+---------+-------+---------+---------+-------
      Total |      19 |       0 |   0.0 |      11 |       0 |   0.0
            +---------+---------+-------+---------+---------+-------
        D:1 |      19 |       0 |   0.0 |      11 |       0 |   0.0
            +---------+---------+-------+---------+---------+-------

Illustrated notes

Table legend:
 A = Kills in this place as a percentage of kills in entire the game.
 B = Kills by you in this place as a percentage of kills by you in the entire game.
 C = Kills by friends in this place as a percentage of kills by friends in the entire game.
 D = Other kills in this place as a percentage of other kills in the entire game.
 E = Experience gained in this place as a percentage of experience gained in the entire game.
 F = Experience gained in this place divided by the number of levels of this place that you have seen.
                   A       B       C       D       E      F
               +-------+-------+-------+-------+-------+----------------------
         Total | 100.0 | 100.0 |   N/A |   N/A | 100.0 |   9.5
       Dungeon | 100.0 | 100.0 |   N/A |   N/A | 100.0 |   9.5
               +-------+-------+-------+-------+-------+----------------------

Table legend: (Time is in decaauts)
 A = Elapsed time spent in this place.
 B = Non-inter-level travel time spent in this place.
 C = Inter-level travel time spent in this place.
 D = Time resting spent in this place.
 E = Time spent auto-exploring this place.
 F = Levels seen in this place.
 G = Mean time per level.
                   A        B        C        D        E       F      G
               +--------+--------+--------+--------+--------+-----+--------+
         Total |    980 |    980 |      0 |     13 |    900 |   2 |  490.0 |
       Dungeon |    980 |    980 |      0 |     13 |    900 |   2 |  490.0 |
               +--------+--------+--------+--------+--------+-----+--------+

Top non-repeatable levels by time:
     D:1: 966 daAuts
     D:2: 14 daAuts
